 Seeded DCSS version 0.32-a0-918-g0f22ef8d61 (webtiles) character file.

Game seed: 20240410 (custom seed)

121 Orlauf the Chopper (level 4, -7/35 HPs)
             Began as a Demonspawn Gladiator on Apr 10, 2024.
             Succumbed to an orc's poison
             ... on level 3 of the Dungeon.
             The game lasted 00:03:49 (1739 turns).

Orlauf the Chopper (Demonspawn Gladiator)           Turns: 1739, Time: 00:03:50

Health: -7/35      AC: 10    Str: 16    XL:     4   Next: 76%
Magic:  4/4        EV: 10    Int:  9    God:
Gold:   108        SH:  0    Dex: 14    Spells: 3/3 levels left

rFire   . . .        a - +0 war axe
rCold   . . .        (no shield)
rNeg    . . .        j - +0 ring mail
rPois   .            d - +2 helmet
rElec   .            (no cloak)
rCorr   .            (no gloves)
SInv    .            (no boots)
Will    .....        (no amulet)
Stlth   +            (no ring)
HPRegen 0.25/turn    (no ring)
MPRegen 0.09/turn

%: no passive effects
@: lethally poisoned (-7 -> -41)
A: hooves 1, molten scales 1
a: no special abilities


You were on level 3 of the Dungeon.
You visited 1 branch of the dungeon, and saw 3 of its levels.

You collected 108 gold pieces.

Inventory:

Hand Weapons
 a - a +0 war axe (weapon)
 b - a +0 mace
Missiles
 f - 2 throwing nets (quivered)
 g - a javelin
Armour
 c - a +0 helmet
 d - a +2 helmet (worn)
 j - a +0 ring mail (worn)
Wands
 e - a wand of flame (22)
Scrolls
 i - a scroll of revelation
Potions
 h - a potion of brilliance


   Skills:
 + Level 3.2 Fighting
 * Level 4.4 Axes
 - Level 1.7 Throwing
 - Level 2.6 Dodging


You had 3 spell levels left.
You didn't know any spells.
Your spell library contained the following spells:

 Spells                   Type           Power      Damage    Failure   Level
 Anguish                  Hex/Necr       0%         N/A       100%        4
 Cause Fear               Hex            0%         N/A       100%        4
 Enfeeble                 Hex            0%         N/A       100%        7


Dungeon Overview and Level Annotations

Branches:
Dungeon (3/15)

Altars:


Innate Abilities, Weirdness & Mutations

You have large cloven feet.
You are partially covered in molten scales. (AC +2)


Message History

You now have 108 gold pieces (gained 9).
You open the door.
There is an open door here.
Found a stone staircase leading up.
There is an open door here.
An orc comes into view. It is wielding a +2 flail of venom.
The orc shouts!
An orc and an orc wizard come into view.
The orc shouts!
The orc wizard shouts!
The orc hits you with a +2 flail of venom.
You are poisoned.
You hit the orc. Your kick misses the orc.
The orc is severely wounded.
You feel very sick.
The orc wizard hits you with a +0 dagger.
The orc hits you with a +2 flail of venom.
You are more poisoned.
You barely miss the orc. You kick the orc.
The orc is almost dead.
You hit the orc wizard.
You feel very sick.
The orc hits you with a +2 flail of venom.
You are lethally poisoned!
The orc wizard hits you with a +0 dagger.
You are too injured to fight recklessly!
You barely miss the orc.
The orc is almost dead.
You barely miss the orc wizard.
* * * LOW HITPOINT WARNING * * *
You feel extremely sick. The orc hits you but does no damage.
You are more poisoned.
The orc wizard hits you with a +0 dagger.
* * * LOW HITPOINT WARNING * * *
Okay, then.
You barely miss the orc wizard.
You kick the orc wizard, but do no damage.
The orc wizard is lightly wounded.
You closely miss the orc.
You die...

.....# ..♣♣...♣...♣
.....###♣♣♣........♣♣
##........♣♣.ß_ß..♣♣
##.########♣♣♣♣♣♣♣♣#
##.# ..... ##.# ...#
##.# #######..######
.#.# .....ooo.......
.#.# #@.# .#.#
###..## .#.# #.....#
.#.# #.#.### .#.#
#.#.# .#.# # #.# .#.#
#.#
.#.#############.#
.#...............#


You could see an orc wizard and 2 orcs.

Vanquished Creatures
  Robin (D:2)
  An adder (D:2)
  A dart slug (D:1)
  An orc (D:3)
  2 bats (D:1)
  4 endoplasms
  9 goblins (D:2)
  4 hobgoblins (D:2)
  4 jackals (D:1)
  2 quokkas (D:1)
  3 ball pythons (D:1)
  4 frilled lizards
  11 kobolds
  5 rats
52 creatures vanquished.

Vanquished Creatures (others)
  Sigmund (D:2)
1 creature vanquished.

Grand Total: 53 creatures vanquished

Notes
Turn   | Place    | Note
-------+----------+-------------------------------------------
     0 | D:1      | Orlauf the Demonspawn Gladiator began the quest for the
                  | Orb.
     0 | D:1      | Reached XP level 1. HP: 16/16 MP: 1/1
   137 | D:1      | Reached skill level 3 in Axes
   158 | D:1      | Gained mutation: You are partially covered in molten
                  | scales. (AC +2) [demonic ancestry]
   158 | D:1      | Reached XP level 2. HP: 20/22 MP: 2/2
   381 | D:1      | Reached XP level 3. HP: 28/28 MP: 3/3
   823 | D:2      | Noticed Sigmund
   839 | D:2      | Noticed Robin
   846 | D:2      | HP: 2/42 [Robin/goblin (1)]
   846 | D:2      | Killed Sigmund
   847 | D:2      | Reached skill level 4 in Axes
   847 | D:2      | Gained mutation: You have large cloven feet. [demonic
                  | ancestry]
   847 | D:2      | Reached XP level 4. HP: 3/35 MP: 4/4
   852 | D:2      | Killed Robin
   854 | D:2      | HP: 2/52 [hobgoblin/sling bullet[Robin] (4)]
   860 | D:2      | HP: 2/52 [hobgoblin/sling bullet[Robin] (1)]
  1594 | D:3      | Found a faded altar of an unknown god.
  1739 | D:3      | Succumbed to an orc's poison

Illustrated notes

Levels and vault maps discovered:
D:1:      nzn_arrival_depleted_hourglass, layout_rooms, lexackson_kobold_supper
D:2:      layout_basic, uniq_sigmund, uniq_robin
D:3:      layout_basic, jmf_multi_god_temple,
          shapermc_ecumenical_altar_totnotflames,
          corexii_item_surrounded_by_moat, uniq_terence

Skill      XL: |  1  2  3 |
---------------+----------+-----
Axes           | 3 4 |  4.4
Fighting       | 3 |  3.2
Throwing       | |  1.7
Dodging        | |  2.6

Action                     |  1- 3 |  4- 6 || total
---------------------------+-------+-------++-------
  Melee: War axe           |   135 |    28 ||   163
         Kick              |       |     3 ||     3
  Throw: Javelin           |     1 |       ||     1
         Throwing net      |       |     3 ||     3
    Use: Scroll            |     3 |     1 ||     4
         Potion            |     2 |       ||     2
 Armour: Leather armour    |    40 |       ||    40
         Ring mail         |    43 |    13 ||    56
         Skin              |    18 |    14 ||    32
  Dodge: Dodged            |    74 |    11 ||    85

Table legend: (Time is in decaauts)
 A = Elapsed time spent in this place.
 B = Non-inter-level travel time spent in this place.
 C = Inter-level travel time spent in this place.
 D = Time resting spent in this place.
 E = Time spent auto-exploring this place.
 F = Levels seen in this place.
 G = Mean time per level.
                   A        B        C        D        E       F      G
               +--------+--------+--------+--------+--------+-----+--------+
         Total |   1791 |   1730 |     61 |    176 |   1119 |   3 |  597.0 |
       Dungeon |   1791 |   1730 |     61 |    176 |   1119 |   3 |  597.0 |
               +--------+--------+--------+--------+--------+-----+--------+

Top non-repeatable levels by time:
     D:2: 838 daAuts
     D:1: 667 daAuts
     D:3: 285 daAuts
